 Dungeon Sprint DCSS version 0.30.1-11-g7821555f0a (webtiles) character file.

Game seed: 3885716919218144466

450 Groucho the Geomancer (level 6, -5/32 HPs)
             Began as a Deep Elf Earth Elementalist on Jan 17, 2024.
             Was an Initiate of Sif Muna.
             Slain by a gargoyle
             ... wielding a +0 morningstar of protection
              (21 damage)
             ... in the Dungeon (Sprint IX: "|||||||||||||||||||||||||||||").
             The game lasted 00:01:41 (459 turns).

Groucho the Geomancer (Deep Elf Earth Elementalist)  Turns: 459, Time: 00:01:41

Health: -5/32      AC:  4    Str: 11    XL:     6   Next: 74%
Magic:  18/20      EV: 12    Int: 22    God:    Sif Muna [......]
Gold:   0          SH:  0    Dex: 15    Spells: 22/23 levels left

rFire   . . .        j - +2 rapier (drain)
rCold   . . .        (no shield)
rNeg    . . .        a - +0 robe
rPois   .            (no helmet)
rElec   .            l - +0 cloak
rCorr   .            (no gloves)
SInv    .            k - +0 pair of boots
Will    .....        (no amulet)
Stlth   +++          m - +3 ring of strength
HPRegen 0.25/turn    n - +3 ring of strength
MPRegen 0.17/turn

%: no teleportation
@: no status effects
A: no striking features
a: Renounce Religion


You were in the Dungeon.
You worshipped Sif Muna.
Sif Muna was noncommittal.
You visited 1 branch

Inventory:

Hand Weapons
 j - a +2 rapier of draining (weapon)
Armour
 a - a +0 robe (worn)
 k - a +0 pair of boots (worn)
 l - a +0 cloak (worn)
Jewellery
 m - a +3 ring of strength (left hand)
 n - a +3 ring of strength (right hand)
Wands
 i - a wand of acid (8)
Scrolls
 g - 2 scrolls of blinking
 h - 2 scrolls of amnesia
Potions
 b - 4 potions of magic
 c - 5 potions of curing
 d - 2 potions of heal wounds
 e - a potion of invisibility
 f - a potion of berserk rage


   Skills:
 + Level 3.1 Short Blades
 - Level 2.4 Dodging
 + Level 5.0 Stealth
 + Level 9.1 Spellcasting
 + Level 7.1 Conjurations
 + Level 3.7 Transmutations
 + Level 10.2 Earth Magic
 + Level 3.4 Invocations


You had 22 spell levels left.
You knew the following spells:

 Your Spells              Type           Power      Damage    Failure   Level
a - Sandblast             Erth           100%       2d20      1%          1

Your spell library contained the following spells:

 Spells                   Type           Power      Damage    Failure   Level
 Passwall                 Tmut/Erth      34%        N/A       1%          2
 Stone Arrow              Conj/Erth      96%        3d13      1%          3
 Petrify                  Tmut/Erth      41%        N/A       3%          4


Dungeon Overview and Level Annotations

Branches:
Dungeon (1/1)

Altars:
Cheibriados
Dithmenos
Elyvilon
Fedhas
Gozag
Hepliaklqana
Kikubaaqudgha
Makhleb
Nemelex Xobeh
Okawaru
Qazlal
Ru
Sif Muna
Trog
Uskayaw
Vehumet
Wu Jian
Xom
Yredelemnul
Zin
The Shining One
Jiyva
Lugonu


Message History

The gnoll sergeant is moderately wounded.
The bolt of acid hits the kobold demonologist!!
The acid corrodes the kobold demonologist!
The kobold demonologist is heavily wounded.
The kobold demonologist shouts!
The bolt of acid hits the vampire but does no damage.
The kobold demonologist begins to cast a cantrip, but forgets the words!
The gnoll sergeant hits you from afar with a +0 trident.
The gargoyle hits you with a +0 morningstar of protection!
Unknown command.
Unknown command.
Aiming: Corrosive Bolt
Press: ? - help, Shift-Dir - straight line, f/p - vampire
Aim: a vampire (71% to hit)
The bolt of acid hits the gargoyle.
The acid corrodes the gargoyle!
The gargoyle is lightly damaged.
The bolt of acid hits the gnoll sergeant!!
The gnoll sergeant is almost dead.
The bolt of acid hits the kobold demonologist!!
You kill the kobold demonologist!
Sif Muna accepts your kill.
The bolt of acid hits the vampire.
The vampire is lightly damaged.
The gargoyle completely misses you.
The gnoll sergeant hits you from afar with a +0 trident!
Your Short Blades skill gained 3 levels and is now at level 3!
Your Stealth skill gained 3 levels and is now at level 5!
Your Spellcasting skill increases to level 9!
Your Conjurations skill increases to level 7!
Your Transmutations skill gained 2 levels and is now at level 3!
Your Earth Magic skill increases to level 10!
Your Invocations skill gained 3 levels and is now at level 3!
You have reached level 6!
You are too injured to fight recklessly!
You feel much better.
The gnoll sergeant hits you from afar with a +0 trident!
Ouch! That really hurt!
The gargoyle hits you with a +0 morningstar of protection!!
Ouch! That really hurt!
You die... ▓▓▓▓▓▓▓▓▓▓▓▓▓▓▓▓▓▓▓▓▓▓▓▓ _______'..)...[.@9gV)K.K ▓▓▓▓▓▓▓▓▓▓▓▓▓▓▓▓▓▓▓▓▓▓▓▓

You could see a vampire, a gargoyle (corroded), 2 kobold brigands and a gnoll sergeant (corroded).

Vanquished Creatures
  A kobold demonologist (D)
  A phantom (D)
  A scorpion (D)
  2 hounds (D)
  An orc (D)
  2 hobgoblins (D)
  2 frilled lizards (D)
  A rat (D)
11 creatures vanquished.

Notes
Turn   | Place    | Note
-------+----------+-------------------------------------------
     0 | D        | Groucho the Deep Elf Earth Elementalist began the quest for
                  | the Orb.
     0 | D        | Reached XP level 1. HP: 10/10 MP: 6/6
     7 | D        | Reached skill level 1 in Conjurations
     8 | D        | Reached skill level 4 in Earth Magic
   372 | D        | Noticed a scorpion
   372 | D        | Noticed a phantom
   372 | D        | Noticed a hound
   372 | D        | Noticed a hound
   377 | D        | Killed a scorpion
   378 | D        | Reached skill level 5 in Spellcasting
   378 | D        | Reached skill level 6 in Earth Magic
   378 | D        | Reached XP level 2. HP: 15/15 MP: 2/10
   378 | D        | Reached XP level 3. HP: 19/19 MP: 2/12
   382 | D        | Reached skill level 7 in Earth Magic
   382 | D        | Reached XP level 4. HP: 18/24 MP: 12/14
   385 | D        | Killed a phantom
   386 | D        | Reached skill level 5 in Conjurations
   386 | D        | Reached skill level 8 in Earth Magic
   386 | D        | Reached XP level 5. HP: 19/28 MP: 10/17
   388 | D        | Reached skill level 9 in Earth Magic
   394 | D        | Found a snail-covered altar of Cheibriados.
   394 | D        | Found a shadowy altar of Dithmenos.
   394 | D        | Found a white marble altar of Elyvilon.
   394 | D        | Found a blossoming altar of Fedhas.
   394 | D        | Found an opulent altar of Gozag.
   395 | D        | Found a hazy altar of Hepliaklqana.
   396 | D        | Found a viscous altar of Jiyva.
   397 | D        | Found an ancient bone altar of Kikubaaqudgha.
   398 | D        | Found a corrupted altar of Lugonu.
   399 | D        | Found a burning altar of Makhleb.
   400 | D        | Found a sparkling altar of Nemelex Xobeh.
   401 | D        | Found an iron altar of Okawaru.
   402 | D        | Found a stormy altar of Qazlal.
   403 | D        | Found a sacrificial altar of Ru.
   404 | D        | Found a shimmering blue altar of Sif Muna.
   405 | D        | Found a bloodstained altar of Trog.
   406 | D        | Found a hide-covered altar of Uskayaw.
   407 | D        | Found a radiant altar of Vehumet.
   408 | D        | Found an ornate altar of the Wu Jian Council.
   409 | D        | Found a shimmering altar of Xom.
   410 | D        | Found a basalt altar of Yredelemnul.
   411 | D        | Found a glowing silver altar of Zin.
   412 | D        | Became a worshipper of Sif Muna the Loreminder
   413 | D        | Found a glowing golden altar of the Shining One.
   456 | D        | Noticed a gargoyle
   456 | D        | Noticed a kobold demonologist
   456 | D        | Noticed a vampire
   458 | D        | Killed a kobold demonologist
   459 | D        | Reached skill level 5 in Stealth
   459 | D        | Reached skill level 10 in Earth Magic
   459 | D        | Reached XP level 6. HP: 10/32 MP: 18/20
   459 | D        | Slain by a gargoyle

Illustrated notes

Levels and vault maps discovered:
D:        linesprint [early_d, line_temple, items_1, d_10, items_2, lair_1,
          lair_end, items_3, orc_1, orc_end, items_4, d_15, swamp_1, shoals_1,
          snake_1, spider_1, d_20, vaults_1, items_5, swamp_end, shoals_end,
          snake_end, spider_end, vaults_end, d_27, items_6, zot_1, zot_end,
          crypt_end, forest_end, elf_end, slime_end, tomb_end, abyss_end,
          pan_hell_end]

Skill      XL: |  1  2  3  4  5 |
---------------+----------------+-----
Conjurations   | 3 4 5 7 |  7.1
Earth Magic    | 6 7 8 10 | 10.2
Spellcasting   | 5 6 7 9 |  9.1
Short Blades   | 3 |  3.1
Stealth        | 5 |  5.0
Transmutations | 3 |  3.7
Invocations    | 3 |  3.4
Dodging        | |  2.4

Action                     |  1- 3 |  4- 6 || total
---------------------------+-------+-------++-------
  Melee: Unarmed           |     4 |       ||     4
   Cast: Sandblast         |    12 |     6 ||    18
  Evoke: Wand              |       |     2 ||     2
    Use: Potion            |     2 |     1 ||     3
 Armour: Robe              |     2 |     1 ||     3
  Dodge: Dodged            |     7 |     3 ||    10
